 Dungeon Crawl Stone Soup version 0.29.1-4-g47bece8355 (webtiles) character file.

Game seed: 1218700680282074018

4509 concernfroge the Fighter (level 10, -1/87 HPs)
             Began as a Mummy Monk on Dec 9, 2022.
             Slain by a two-headed ogre
             ... wielding a +0 giant spiked club
              (31 damage)
             ... on level 9 of the Dungeon.
             The game lasted 00:23:29 (12285 turns).

concernfroge the Fighter (Mummy Monk)              Turns: 12285, Time: 00:23:30

Health: -1/87      AC:  8    Str: 24    XL:     10   Next: 16%
Magic:  10/10      EV: 16    Int:  7    God:
Gold:   465        SH:  0    Dex: 15    Spells: 9/9 levels left

rFire   + . .      SeeInvis .   b - +9 long sword of Nightmares {venom, rPois rF++ Int-3}
rCold   + . .      Faith    .   (no shield)
rNeg    + + +      Spirit   .   u - +0 acid dragon scales
rPois   ∞          Reflect  .   h - +1 hat
rElec   .          Harm     .   (no cloak)
rCorr   +          Rampage  .   r - +0 pair of gloves
Will    +....                   (no boots)
Stlth   ++........              (no amulet)
HPRegen 0.24/turn               o - +6 ring of strength
MPRegen 0.12/turn               (no ring)

@: no status effects
A: cold resistance 1, negative energy resistance 3, torment resistance 2, heat
vulnerability 1, in touch with death 1, no potions
a: no special abilities


You were on level 9 of the Dungeon.
You visited 2 branches of the dungeon, and saw 10 of its levels.
You also visited: Sewer.

You collected 465 gold pieces.

Inventory:

Hand Weapons
 a - the +5 hand axe of Paper {spect, rC+ Str+6 Stlth+}
   (You found it on level 3 of the Dungeon)

   When its wielder attacks, the weapon's spirit leaps out and strikes again.
   The spirit shares a part of any damage it takes with its wielder.
   Str:       It affects your strength (+6).
   rC:        It protects you from cold.
   Stlth:     It makes you more stealthy.
 b - the +9 long sword of Nightmares (weapon) {venom, rPois rF++ Int-3}
   (You found it on level 2 of the Dungeon)

   It poisons the flesh of those it strikes.
   Int:       It affects your intelligence (-3).
   rF:        It greatly protects you from fire.
   rPois:     It protects you from poison.
 t - a +0 broad axe
Missiles
 g - 10 poisoned darts
 i - a datura-tipped dart
 j - 3 throwing nets (quivered)
 q - 4 boomerangs
Armour
 h - a +1 hat (worn)
 r - a +0 pair of gloves (worn)
 s - a +0 plate armour
 u - +0 acid dragon scales (worn)
Jewellery
 o - a +6 ring of strength (left hand)
Wands
 p - a wand of iceblast (17)
Scrolls
 c - a scroll of enchant weapon
 d - a scroll of enchant armour
 e - a scroll of summoning {unknown}
 f - 2 scrolls of magic mapping
 k - 2 scrolls of butterflies
 l - a scroll of fear
 m - 4 scrolls of teleportation
 n - 2 scrolls of immolation {unknown}
 v - a scroll of poison {unknown}
 w - a scroll of blinking


   Skills:
 - Level 11.0 Fighting
 - Level 2.4 Polearms
 + Level 9.3 Dodging
 - Level 1.5 Stealth


You had 9 spell levels left.
You didn't know any spells.
Your spell library contained the following spells:

 Spells                   Type           Power      Damage    Failure   Level
 Summon Small Mammal      Summ           0%         N/A       52%         1
 Blink                    Tloc           0%         N/A       65%         2
 Call Canine Familiar     Summ           0%         N/A       87%         3
 Frozen Ramparts          Ice            0%         1d1       87%         3
 Summon Guardian Golem    Hex/Summ       0%         N/A       87%         3
 Corpse Rot               Necr/Pois/Air  0%         N/A       99%         4
 Dispel Undead            Necr           0%         3d6       99%         4
 Summon Ice Beast         Ice/Summ       0%         N/A       99%         4
 Manifold Assault         Tloc           0%         N/A       100%        5
 Death Channel            Necr           0%         N/A       100%        6
 Ice Form                 Ice/Tmut       Unusable   N/A       N/A         4
 Storm Form               Tmut/Air       Unusable   N/A       N/A         7

Dungeon Overview and Level Annotations

Branches:
Dungeon (9/15)             Temple (1/1) D:6           Sewer (visited)
   Lair: D:8-11         Orc: D:9-12

Altars:
Ashenzari
Cheibriados
Fedhas
Hepliaklqana
Kikubaaqudgha
Nemelex Xobeh
Qazlal
Ru
Sif Muna
Trog
Vehumet
Yredelemnul


Innate Abilities, Weirdness & Mutations

You are immune to poison.
Your flesh is cold resistant. (rC+)
You are immune to negative energy. (rN+++)
You are immune to unholy pain and torment.
You are vulnerable to heat. (rF-)
You are in touch with the powers of death.
You do not drink.


Message History

Orders for allies: a - Attack new target. r - Retreat! s - Stop attacking. g - Guard the area. f - Follow me.
Anything else - Cancel.
You shout for attention!
You throw a datura-tipped dart.
The datura-tipped dart barely misses the two-headed ogre.
You throw a datura-tipped dart.
The datura-tipped dart hits the two-headed ogre.
The two-headed ogre resists.
You throw a throwing net.
The throwing net hits the two-headed ogre.
The two-headed ogre is caught in the net!
The two-headed ogre struggles against the net.
The two-headed ogre struggles against the net.
You slash the two-headed ogre!
The two-headed ogre is poisoned.
The two-headed ogre is lightly wounded.
The two-headed ogre struggles against the net.
You hit the two-headed ogre.
The two-headed ogre is lightly wounded.
The two-headed ogre struggles against the net.
You catch the helpless two-headed ogre completely off-guard!
You hit the two-headed ogre.
The two-headed ogre looks as sick as possible!
The two-headed ogre is moderately wounded.
The two-headed ogre struggles against the net.
The net rips apart, and the two-headed ogre comes free!
The two-headed ogre misses you.
The two-headed ogre hits you with a +0 giant club!!
You slash the two-headed ogre!
The two-headed ogre looks as sick as possible!
The two-headed ogre is heavily wounded.
The two-headed ogre misses you.
The two-headed ogre hits you with a +0 giant club.
You slash the two-headed ogre!
The two-headed ogre looks as sick as possible!
The two-headed ogre is severely wounded.
The two-headed ogre hits you with a +0 giant spiked club!!
The two-headed ogre hits you with a +0 giant club!!
You die...

(.##.# .....
.... O..# ...#
...#
#######...###
#...@O(.....#
#.###.....#.#
#.# #.....#
###.###.....#
#.<............
#...###..###..#
#...# #..# ..#
#...# ...# .#
#.... ....


You could see a two-headed ogre (extremely poisoned).

Vanquished Creatures
  Maggie (D:7)
  Sigmund (D:5)
  6 yaks (D:8)
  A human (D:3)
  4 water moccasins
  A sky beast (D:8)
  An orc warrior (D:6)
  2 ice beasts (D:6)
  2 ogres (D:5)
  A centaur (D:8)
  A phantom (D:4)
  4 kobold brigands (Sewer)
  4 bullfrogs
  2 scorpions
  6 killer bees (D:8)
  A howler monkey (D:6)
  4 hounds
  2 jellies
  3 orc priests
  2 gnoll boudas
  5 iguanas
  4 orc wizards
  10 adders
  14 gnolls
  6 river rats
  3 ufetubi
  7 worms
  4 dart slugs
  22 orcs
  15 ball pythons
  11 endoplasms
  2 giant cockroaches
  7 goblins
  7 hobgoblins
  6 quokkas
  7 bats
  4 frilled lizards
  A goblin skeleton (D:3)
  13 kobolds
  6 rats
203 creatures vanquished.

Vanquished Creatures (others)
  8 plants (D:3)
8 creatures vanquished.

Grand Total: 211 creatures vanquished

Notes
Turn   | Place    | Note
-------+----------+-------------------------------------------
     0 | D:1      | concernfroge the Mummy Monk began the quest for the Orb.
     0 | D:1      | Reached XP level 1. HP: 18/18 MP: 1/1
   260 | D:1      | Reached XP level 2. HP: 24/24 MP: 2/2
   763 | D:1      | Reached skill level 4 in Fighting
  1156 | D:1      | Gained mutation: You are in touch with the powers of death.
                  | [Mummy growth]
  1156 | D:1      | Reached XP level 3. HP: 29/30 MP: 3/3
  1340 | D:2      | Found a shimmering blue altar of Sif Muna.
  1818 | D:2      | Identified the +9 long sword of Nightmares {venom, rPois
                  | rF++ Int-3}
  2088 | D:2      | Noticed a scorpion
  2096 | D:2      | Killed a scorpion
  2097 | D:2      | Reached skill level 5 in Fighting
  2097 | D:2      | Reached XP level 4. HP: 31/39 MP: 4/4
  2346 | D:3      | Identified the +5 hand axe of Paper {spect, rC+ Str+6
                  | Stlth+}
  2588 | D:3      | Reached XP level 5. HP: 43/46 MP: 5/5
  2598 | D:3      | Reached skill level 6 in Fighting
  3082 | D:3      | Found a runed translucent door.
  3083 | D:3      | Noticed a human
  3084 | D:3      | Found a basalt altar of Yredelemnul.
  3209 | D:3      | Killed a human
  3210 | D:3      | Reached skill level 7 in Fighting
  3210 | D:3      | Reached XP level 6. HP: 35/55 MP: 6/6
  4223 | D:4      | Reached skill level 8 in Fighting
  4238 | D:4      | Reached XP level 7. HP: 55/62 MP: 7/7
  4250 | D:4      | Found a glowing drain.
  4260 | Sewer    | Entered a sewer
  4712 | Sewer    | Reached skill level 9 in Fighting
  5697 | D:4      | Reached XP level 8. HP: 72/72 MP: 8/8
  5939 | D:5      | Entered Level 5 of the Dungeon
  5945 | D:5      | Reached skill level 10 in Fighting
  7042 | D:5      | You fall into a shaft and drop 2 floors!
  7285 | D:5      | Reached skill level 11 in Fighting
  7347 | D:5      | Noticed Sigmund
  7357 | D:5      | Killed Sigmund
  7358 | D:5      | Reached skill level 5 in Dodging
  7358 | D:5      | Reached XP level 9. HP: 73/81 MP: 9/9
  8160 | D:6      | Found a staircase to the Ecumenical Temple.
  8170 | Temple   | Entered the Ecumenical Temple
  9289 | D:7      | Found a snail-covered altar of Cheibriados.
  9595 | D:7      | Noticed Maggie
  9605 | D:7      | Killed Maggie
 11177 | D:8      | Found a sacrificial altar of Ru.
 11343 | D:8      | Reached XP level 10. HP: 71/87 MP: 10/10
 12270 | D:9      | Noticed a two-headed ogre
 12285 | D:9      | Slain by a two-headed ogre

Illustrated notes

Levels and vault maps discovered:
D:1:      saegor_arrival_simple_c, layout_basic, hangedman_feature_mirror
D:2:      layout_basic, basic_altar
D:3:      wad_woods_pond, layout_loops_ring, dk_yredelemnul_ordeal,
          grunt_ministairs_3, minmay_misc_feat_roman
D:4:      layout_loops_cross, lightli_sewer_entry_pipes, serial_bayou_crossing
D:5:      layout_basic, uniq_sigmund
D:6:      layout_basic, minmay_temple_entry_trees, lightli_minifort
D:7:      layout_layer_cave, cheibriados_altar_1, uniq_maggie
D:8:      layout_gridville, mainiacjoe_overflow_brackets
D:9:      layout_loops_ring, mainiacjoe_overflow_chevrons,
          mainiacjoe_overflow_two_lobes, kennysheep_orc_monster_closet_entryway,
          minmay_misc_feat_iff, minivault_16
Temple:   bh_familiar_temple

Skill      XL: |  1  2  3  4  5  6  7  8  9 10 |
---------------+-------------------------------+-----
Fighting       | 4 5 7 8 9 11 | 11.0
Dodging        | 5 8 9 |  9.3
Polearms       | |  2.4
Stealth        | |  1.5

Action                   |  1- 3 |  4- 6 |  7- 9 | 10-12 || total
-------------------------+-------+-------+-------+-------++-------
Melee: Spear             |   148 |       |       |       ||   148
       Long sword        |     6 |   110 |   325 |    30 ||   471
       War axe           |     1 |       |       |       ||     1
       Hand axe          |       |     1 |       |       ||     1
       Punch             |       |       |     1 |     2 ||     3
Throw: Dart              |       |       |     5 |     4 ||     9
       Throwing net      |       |       |       |     1 ||     1
Evoke: Wand              |       |       |     4 |       ||     4
  Use: Scroll            |       |     5 |     9 |       ||    14
 Stab: Sleeping          |     8 |     1 |       |       ||     9
       Held in net/web   |       |       |       |     1 ||     1
Armor: Robe              |    16 |     9 |       |       ||    25
       Chain mail        |       |    28 |   140 |       ||   168
       Acid dragon scale |       |       |    22 |     8 ||    30
       Plate armour      |       |       |     3 |       ||     3
Dodge: Dodged            |    78 |    44 |   202 |    24 ||   348
